 Dungeon Crawl Stone Soup version 0.18-a0-1800-gdc7a371 (webtiles) character file.

18 M4edhros the Grave Robber (level 2, 0/17 HPs)
             Began as an Octopode Necromancer on Apr 24, 2016.
             Slain by an ooze (1 damage)
             ... on level 1 of the Dungeon.
             The game lasted 00:01:29 (289 turns).

M4edhros the Grave Robber (Octopode Necromancer)     Turns: 289, Time: 00:01:29

Health: 0/17       AC:  1    Str:  7    XL:     2   Next: 70%
Magic:  2/5        EV: 12    Int: 17    God:
Gold:   22         SH:  0    Dex: 12    Spells: 1 memorised, 4 levels left

rFire  . . .     SeeInvis .       - Unarmed
rCold  . . .     Gourm    .     (no shield)
rNeg   . . .     Faith    .     (helmet restricted)
rPois  .         Spirit   .     (no amulet)
rElec  .         Dismiss  .     (no ring)
rCorr  .         Reflect  .     (no ring)
SustAt .         Harm     .     (no ring)
MR     .....                    (no ring)
Stlth  +++.......               (no ring)
                                (no ring)
                                (no ring)
                                (no ring)

@: flying, hasted, very quick, not resistant to hostile enchantments, fairly
stealthy
A: almost no armour, amphibious, 8 rings, constrict 8, camouflage 1, gelatinous
body 1
a: no special abilities


You were on level 1 of the Dungeon.
You were not hungry.

You visited 1 branch of the dungeon, and saw 2 of its levels.

You collected 22 gold pieces.

Inventory:

Scrolls
 f - a scroll of blinking {unknown}
 g - 2 scrolls of identify {unknown}
 h - a scroll of amnesia {unknown}
Potions
 d - 2 potions of flight
Books
 a - a book of Necromancy

   Spells                             Type                      Level
   a - Pain                           Necromancy                   1
   b - Animate Skeleton               Necromancy                   1
   c - Vampiric Draining              Necromancy                   3
   d - Regeneration                   Charms/Necromancy            3
   e - Animate Dead                   Necromancy                   4
   f - Control Undead                 Necromancy                   4
Comestibles
 b - a bread ration


   Skills:
 - Level 2.0 Dodging
 - Level 2.6 Stealth
 + Level 2.2 Unarmed Combat
 - Level 2.0 Spellcasting
 - Level 4.0 Necromancy


You had 4 spell levels left.
You knew the following spells:

 Your Spells              Type           Power        Failure   Level  Hunger
a - Pain                  Necr           ###.         3%          1    #......


Dungeon Overview and Level Annotations

Branches:
Dungeon (2/15)

Altars:


Innate Abilities, Weirdness & Mutations

You cannot wear most types of armour.
You are amphibious.
You can wear up to eight rings at the same time.
You can use your tentacles to constrict eight enemies at once.
Your skin changes colour to match your surroundings (Stealth).
Your rubbery body absorbs attacks (AC +1).


Message History

All of the chunks of flesh in your inventory have rotted away.
Found a blackened moonstone ring.
Casting: Pain
Confirm with . or Enter, or press ? or * to list all spells.
You can't see any susceptible monsters within range! (Use Z to cast anyway.)
Casting: Pain
Confirm with . or Enter, or press ? or * to list all spells.
You can't see any susceptible monsters within range! (Use Z to cast anyway.)
An ooze comes into view.
Found 16 stones and a golden potion.
An ooze is nearby!
The ooze quivers.
Found a leather armour.
Drink which item? (? for menu, Esc to quit)
It was a potion of flight.
You feel very buoyant.
You fly up into the air.
Drink which item? (? for menu, Esc to quit)
It was a potion of haste.
You feel yourself speed up. The ooze hits you.
You die...

##... .. ............ .#
#...##.#.......
#.#.#........#
#.#.......#!..
#.#.#...#[..
##########.#.##.##.#
(...)...........J..##.##
.##.............@..=..(.
.###########.######.###.
.# #†# .# #.# .# #.. ..
### .# ..


You could see an ooze.

Vanquished Creatures
  A dart slug (D:2)
  A giant gecko (D:2)
  A giant cockroach (D:1)
  2 goblins
  2 hobgoblins
  A kobold (D:1)
  A quokka (D:1)
  A giant newt (D:1)
  6 rats (D:1)
16 creatures vanquished.

Notes
Turn   | Place    | Note
--------------------------------------------------------------
     0 | D:1      | M4edhros the Octopode Necromancer began the quest for the Orb.
     0 | D:1      | Reached XP level 1. HP: 11/11 MP: 3/3
    50 | D:1      | Reached skill level 1 in Unarmed Combat
   110 | D:1      | Reached XP level 2. HP: 6/17 MP: 1/5
   289 | D:1      | Slain by an ooze

Vault maps used:
D:1:      onia_arrival_larder, hangedman_decor_clover_reticule
D:2:      grunt_pakellas_salt

Skill      XL: |  1  2 |
---------------+-------+-----
Unarmed Combat | 1 2 |  2.2
Dodging        | |  2.0
Stealth        | |  2.6
Spellcasting   | |  2.0
Necromancy     | |  4.0

Action                   || total
-------------------------++-------
Melee: Unarmed           ||    19
       Constrict         ||     5
       Tentacles         ||     3
 Cast: Pain              ||    18
  Use: Potion            ||     2
 Stab: Sleeping          ||     4
Dodge: Dodged            ||     9
